 Dungeon Crawl Stone Soup version 0.30-a0-23-ge60ba3568b (webtiles) character file.

Game seed: 5202386534802391712

7 scionoferis the Digger (level 1, -1/15 HPs)
             Began as a Demigod Wanderer on Aug 24, 2022.
             Slain by an endoplasm (3 damage)
             ... on level 1 of the Dungeon.
             The game lasted 00:01:10 (77 turns).

scionoferis the Digger (Demigod Wanderer)             Turns: 77, Time: 00:01:11

Health: -1/15      AC:  2    Str: 11    XL:     1   Next: 66%
Magic:  4/4        EV: 11    Int: 13    God:
Gold:   0          SH:  4    Dex: 16    Spells: 1/2 levels left

rFire   . . .      SeeInvis .    a - +2 short sword
rCold   . . .      Faith    .    b - +0 buckler
rNeg    . . .      Spirit   .    d - +0 robe
rPois   .          Reflect  .    (no helmet)
rElec   .          Harm     .    (no cloak)
rCorr   .          Rampage  .    (no gloves)
Will    .....                    (no boots)
Stlth   ++........               (no amulet)
HPRegen 0.05/turn                (no ring)
MPRegen 0.09/turn                (no ring)

@: no status effects
A: high MP 1, forlorn, divine attributes
a: no special abilities


You were on level 1 of the Dungeon.
You visited 1 branch of the dungeon, and saw 1 of its levels.

Inventory:

Hand Weapons
 a - a +2 short sword (weapon)
Armour
 b - a +0 buckler (worn)
 d - a +0 robe (worn)
Potions
 c - a potion of berserk rage


   Skills:
 * Level 0.6 Fighting
 - Level 1.7 Short Blades
 + Level 0.3 Armour
 + Level 0.3 Dodging
 - Level 1.0 Stealth
 - Level 1.7 Shields
 + Level 1.1 Spellcasting
 - Level 2.6 Earth Magic
 - Level 1.0 Evocations


You had one spell level left.
You knew the following spells:

 Your Spells              Type           Power      Damage    Failure   Level
a - Sandblast             Erth           14%        2d6       12%         1

Your spell library contained the following spells:

 Spells                   Type           Power      Damage    Failure   Level
 Stone Arrow              Conj/Erth      8%         3d7       54%         3


Dungeon Overview and Level Annotations

Branches:
Dungeon (1/15)


Innate Abilities, Weirdness & Mutations

You have an increased reservoir of magic. (+10% MP)
You shall have no god before yourself.
Your divine heritage dramatically boosts your attributes as you level up.


Message History

The jackal barely misses you. You block the jackal's attack.
The jackal bites you but does no damage.
The jackal barely misses you.
You hit the jackal.
The jackal is severely wounded.
The jackal barely misses you. The jackal closely misses you.
You hit the jackal.
You kill the jackal!
You block the jackal's attack. The jackal bites you.
You closely miss the jackal.
The jackal is severely wounded.
The jackal barely misses you. The endoplasm closely misses you.
You hit the jackal but do no damage.
The jackal is severely wounded.
The jackal closely misses you. x2; The endoplasm barely misses you.
You completely miss the jackal.
The jackal is severely wounded.
The jackal bites you but does no damage.
The endoplasm closely misses you.
You hit the jackal.
You kill the jackal!
The endoplasm hits you.
You hit the jackal.
The jackal is almost dead.
The jackal closely misses you. The endoplasm freezes you.
You are frozen.
The jackal closely misses you.
You hit the jackal.
You kill the jackal!
The endoplasm freezes you.
You are frozen.
* * * LOW HITPOINT WARNING * * *
The endoplasm attacks as you move away!
The endoplasm hits you but does no damage.
Things that are here:
a jackal corpse; a jackal corpse You hit the endoplasm.
The endoplasm is lightly wounded.
The endoplasm hits you.
You die...

###.###...........## #
#.##P.♣.P♣.PP....#.... #
#.#P.........♣........ #
#..P♣....P.P........... #
###.♣P.P.....P.P....... #
#♣............♣........ #
♣P.P...<...P......$... #
♣..................... #
#♣.P.P....†P@♣♣........ ##
#.P....P.P.J♣.......... .##
#..............♣.......
..####.♣........♣..........
#.....#P.....P♣..P..####..
#####.##.....P..P#†........
#......................
###############........
#........


You could see an endoplasm.

Vanquished Creatures
  4 jackals (D:1)
  A bat (D:1)
  A frilled lizard (D:1)
6 creatures vanquished.

Vanquished Creatures (others)
  A plant (D:1)
1 creature vanquished.

Grand Total: 7 creatures vanquished

Notes
Turn   | Place    | Note
-------+----------+-------------------------------------------
     0 | D:1      | scionoferis the Demigod Wanderer began the quest for the
                  | Orb.
     0 | D:1      | scionoferis set off with the following items: a +2 short
                  | sword, a +0 buckler, a potion of berserk rage, a +0 robe;
                  | and the following spell memorised: Sandblast; and the
                  | following spells available to memorise: Stone Arrow.
     0 | D:1      | Reached XP level 1. HP: 14/14 MP: 4/4
    77 | D:1      | Slain by an endoplasm

Illustrated notes

Levels and vault maps discovered:
D:1:      wander_arrival_fairy_ring, layout_basic

Action                   || total
-------------------------++-------
Melee: Short sword       ||    20
Armor: Robe              ||     5
Dodge: Dodged            ||    19
Block: Buckler           ||     6

Table legend: (Time is in decaauts)
 A = Elapsed time spent in this place.
 B = Non-inter-level travel time spent in this place.
 C = Inter-level travel time spent in this place.
 D = Time resting spent in this place.
 E = Time spent auto-exploring this place.
 F = Levels seen in this place.
 G = Mean time per level.
                   A        B        C        D        E       F      G
               +--------+--------+--------+--------+--------+-----+--------+
         Total |     78 |     78 |      0 |      0 |     40 |   1 |   78.0 |
       Dungeon |     78 |     78 |      0 |      0 |     40 |   1 |   78.0 |
               +--------+--------+--------+--------+--------+-----+--------+

Top non-repeatable levels by time:
     D:1: 78 daAuts
